 Dungeon Crawl Stone Soup version 0.17.1-1-g73c8601 (webtiles) character file.

89 Nakatomy the Grave Robber (level 4, 0/36 HPs)
             Began as a Deep Elf Necromancer on Dec 28, 2015.
             Slain by an adder (3 damage)
             ... on level 1 of the Dungeon.
             The game lasted 00:09:36 (2513 turns).

Nakatomy the Grave Robber (Deep Elf Necromancer)    Turns: 2513, Time: 00:09:36

Health: 0/36       AC: 22    Str:  5    XL:     4   Next: 31%
Magic:  3/12       EV:  2    Int: 21    God:
Gold:   71         SH:  0    Dex: 15    Spells: 4 memorised, 3 levels left

rFire  . . .     SeeInvis .     f - +0 dagger
rCold  . . .     Clarity  .     (armour currently unavailable)
rNeg   + + +     SustAt   .     (no shield)
rPois  +         Gourm    .     (helmet currently unavailable)
rElec  .         Spirit   .     (cloak currently unavailable)
rCorr  .         Warding  .     (gloves currently unavailable)
rMut   .         NoTele   +     (boots currently unavailable)
MR     .....                    (no amulet)
Stlth  +++.......               (no ring)
                                (no ring)

@: lethally poisoned (0 -> -4), tree-form, not resistant to hostile
enchantments, fairly stealthy
A: no striking features
a: no special abilities


You were on level 1 of the Dungeon.
You were not hungry.
You were a tree.
You visited 1 branch of the dungeon, and saw 2 of its levels.

You collected 71 gold pieces.

Inventory:

Hand Weapons
 e - a +0 short sword
 f - a +0 dagger (weapon)
Armour
 a - a +0 robe (melded)
Scrolls
 d - a scroll of noise {unknown}
 g - 2 scrolls of enchant armour {unknown}
 h - 2 scrolls of immolation {unknown}
 j - 2 scrolls of magic mapping {unknown}
 k - a scroll of recharging {unknown}
 o - a scroll of identify {unknown}
 q - a scroll of fear {unknown}
 s - a scroll of random uselessness {unknown}
Potions
 i - a potion of curing {unknown}
 l - 2 potions of magic {unknown}
 n - a potion of lignification
 p - a potion of might {unknown}
Books
 b - a book of Necromancy

   Spells                             Type                      Level
   a - Pain                           Necromancy                   1
   b - Animate Skeleton               Necromancy                   1
   c - Vampiric Draining              Necromancy                   3
   d - Regeneration                   Charms/Necromancy            3
   e - Animate Dead                   Necromancy                   4
   f - Control Undead                 Necromancy                   4
Comestibles
 c - 3 bread rations
 m - 5 fruits
 r - a chunk of flesh


   Skills:
 - Level 2.4 Dodging
 - Level 2.4 Stealth
 + Level 4.7 Spellcasting
 + Level 6.1 Necromancy


You had 3 spell levels left.
You knew the following spells:

 Your Spells              Type           Power        Failure   Level  Hunger
a - Pain                  Necr           ####         1%          1    None
b - Animate Skeleton      Necr           N/A          1%          1    None
c - Vampiric Draining     Necr           ####......   2%          3    ##.....
d - Animate Dead          Necr           N/A          12%         4    ####...


Dungeon Overview and Level Annotations

Branches:
Dungeon (2/15)

Altars:
Dithmenos
Fedhas


Message History

* * * LOW HITPOINT WARNING * * *
You feel sick. The adder misses you.
Casting: Pain
Confirm with . or Enter, or press ? or * to list all spells.
You don't have enough magic to cast that spell.
* * * LOW HITPOINT WARNING * * *
You feel sick.
Drink which item? (? for menu, Esc to quit)
It was a potion of lignification.
You turn into a tree.
Your +0 robe melds into your body.
Your roots penetrate the ground.
The adder bites you but does no damage.
You closely miss the adder.
The adder is moderately wounded.
* * * LOW HITPOINT WARNING * * *
You feel sick. The adder bites you but does no damage.
The adder bites you but does no damage.
You miss the adder.
The adder is moderately wounded.
The adder bites you.
You die...

#.# #.##.#
################.###.##..
#...Z................####
###.###.########.###.# ##
#.#............# #.# #.
#.###########.## #.# #.
#.....Z........# #.# #.
####################.###.
#.......♣S....>..........
##.#################.###.
#.# ###.#.#######...##.
#.# #...............###
#.# #..###≈..≈###...# #.#
#(#...#≈≈#...#.## #.#
#.#.⌠.#≈≈#.⌠.#.# #.#
#.#...#≈≈#...#.# #.#
##..###≈≈≈≈###..#


You could see an adder.

Vanquished Creatures
  5 adders
  An ooze (D:2)
  A worm (D:2)
  3 goblins
  2 hobgoblins
  4 kobolds
  4 bats
  A giant cockroach (D:2)
  A giant gecko (D:1)
  2 giant newts (D:2)
  A rat (D:1)
25 creatures vanquished.

Vanquished Creatures (collateral kills)
  An ooze (D:2)
  2 worms (D:2)
  A giant cockroach (D:1)
  A goblin (D:2)
  2 hobgoblins
  A kobold (D:1)
  A giant newt (D:2)
9 creatures vanquished.

Vanquished Creatures (others)
  2 fungi (D:2)
2 creatures vanquished.

Grand Total: 36 creatures vanquished

Notes
Turn   | Place    | Note
--------------------------------------------------------------
     0 | D:1      | Nakatomy the Deep Elf Necromancer began the quest for the Orb.
     0 | D:1      | Reached XP level 1. HP: 10/10 MP: 6/6
    37 | D:1      | Learned a level 1 spell: Animate Skeleton
    48 | D:1      | Reached skill level 5 in Necromancy
   496 | D:1      | Reached XP level 2. HP: 15/15 MP: 6/8
  1805 | D:2      | Reached XP level 3. HP: 16/19 MP: 5/10
  1955 | D:2      | Found a shadowy altar of Dithmenos.
  1975 | D:2      | Reached XP level 4. HP: 15/24 MP: 10/12
  2250 | D:2      | Learned a level 3 spell: Vampiric Draining
  2255 | D:2      | Learned a level 4 spell: Animate Dead
  2353 | D:2      | Reached skill level 6 in Necromancy
  2497 | D:2      | Found a blossoming altar of Fedhas.
  2513 | D:1      | Slain by an adder

Action                   |  1- 3 |  4- 6 || total
-------------------------+-------+-------++-------
Melee: Dagger            |       |     2 ||     2
 Cast: Pain              |    53 |     9 ||    62
       Animate Skeleton  |    12 |     1 ||    13
       Vampiric Draining |       |     3 ||     3
  Use: Potion            |       |     1 ||     1
  Eat: Chunk             |     3 |     2 ||     5
